 Dungeon Sprint DCSS version 0.24-a0-439-g6dd8730de2 (webtiles) character file.

Game seed: 14398953027509703026

434 mahrnol the Protected (level 6, 1/66 HPs)
             Began as a Minotaur Fighter on June 18, 2019.
             Quit the game in the Dungeon (Sprint I: "Red Sonja").
             The game lasted 00:03:02 (522 turns).

mahrnol the Protected (Minotaur Fighter)             Turns: 522, Time: 00:03:03

Health: 1/66       AC:  8    Str: 23    XL:     6   Next: 68%
Magic:  5/5        EV:  8    Int:  5    God:
Gold:   297        SH: 11    Dex:  9    Spells: 5/5 levels left

rFire    . . .     SeeInvis .   a - +0 flail
rCold    . . .     Gourm    .   c - +0 shield
rNeg     . . .     Faith    .   b - +0 scale mail
rPois    .         Spirit   .   (helmet restricted)
rElec    .         Reflect  .   (no cloak)
rCorr    .         Harm     .   (no gloves)
MR       .....     NoTele   +   (no boots)
Stlth    ..........             (no amulet)
HPRegen  0.21/turn              (no ring)
MPRegen  0.09/turn              (no ring)

@: lethally poisoned (1 -> -8), slowed, very slow
A: retaliatory headbutt, horns 2
a: no special abilities


You were in the Dungeon.
You were not hungry.

You visited 1 branch You collected 297 gold pieces.

Inventory:

Hand Weapons
 a - a +0 flail (weapon)
Armour
 b - a +0 scale mail (worn)
 c - a +0 shield (worn)
Scrolls
 g - a scroll of magic mapping {unknown}
 k - a scroll of blinking
Potions
 d - a potion of might
 e - a potion of curing
 h - a potion of haste
 i - 2 potions of magic
 j - a potion of berserk rage
Comestibles
 f - 2 rations


   Skills:
 + Level 9.7 Fighting
 + Level 8.2 Maces & Flails
 + Level 10.3 Armour
 + Level 8.7 Shields


You had 5 spell levels left.
You didn't know any spells.
Your spell library was empty.

Dungeon Overview and Level Annotations

Branches:
Dungeon (1/1)

Altars:
Cheibriados
Dithmenos
Elyvilon
Fedhas
Gozag
Hepliaklqana
Kikubaaqudgha
Nemelex Xobeh
Okawaru
Qazlal
Ru
Sif Muna
Trog
Uskayaw
Vehumet
Wu Jian
Yredelemnul
Zin
The Shining One

Shops:
D }

Annotations:
D Sonja


Innate Abilities, Weirdness & Mutations

You reflexively headbutt those who attack you in melee.
You have a pair of horns on your head.


Message History

You feel sick.
Sonja casts a spell.
Sonja blinks!
You feel sick.
You see here a curare-tipped dart.
You feel sick. You block Sonja's attack. Sonja hits you but does no damage.
Space warps horribly around you!!
* * * LOW HITPOINT WARNING * * *
Sonja barely misses you.
You thump Sonja!
Sonja is severely wounded.
* * * LOW HITPOINT WARNING * * *
You feel sick. Sonja closely misses you. You block Sonja's attack. x2
Sonja hits you with a +0 dagger of distortion.
* * * LOW HITPOINT WARNING * * *
You feel a strange sense of stasis. Sonja hits you but does no damage.
Sonja barely misses you.
Unknown command.
Unknown command.
Are you sure you want to abandon this character and quit the game? (Confirm with "yes".)

################
#<.#..').#..'..#
#..'[.#÷.'..#..+
#..#####'#####'#
#..## #..#...#.#
#..#__####..##.#
#..#_____##'#_.+
#⌠⌠#_.∩...K@(._#
####_..__##_(#+#
#_____ ##+#
###### #§# $.$
$.$ ##.## #+#


You could see Sonja.

Vanquished Creatures
  A yak (D)
  Sigmund (D)
  An ogre (D)
  A jelly (D)
  Ijyb (D)
5 creatures vanquished.

Notes
Turn   | Place    | Note
-------+----------+-------------------------------------------
     0 | D        | mahrnol the Minotaur Fighter began the quest for the Orb.
     0 | D        | Reached XP level 1. HP: 19/19 MP: 0/0
     2 | D        | Noticed Ijyb
    14 | D        | Killed Ijyb
    14 | D        | Reached skill level 5 in Fighting
    14 | D        | Reached skill level 5 in Armour
    14 | D        | Reached XP level 2. HP: 18/29 MP: 1/1
   131 | D        | Noticed an ogre
   135 | D        | Killed an ogre
   135 | D        | Reached skill level 5 in Maces & Flails
   135 | D        | Reached skill level 7 in Armour
   135 | D        | Reached XP level 3. HP: 38/38 MP: 2/2
   135 | D        | Reached XP level 4. HP: 45/45 MP: 3/3
   149 | D        | Noticed Sigmund
   228 | D        | Killed Sigmund
   228 | D        | Reached skill level 9 in Armour
   228 | D        | Reached XP level 5. HP: 41/56 MP: 4/4
   324 | D        | Found an ornate altar of the Wu Jian Council.
   324 | D        | Found a deep blue altar of Sif Muna.
   326 | D        | Found a radiant altar of Vehumet.
   330 | D        | Reached XP level 6. HP: 53/62 MP: 5/5
   340 | D        | Found Gomma's Gadget Emporium.
   340 | D        | Found an ancient bone altar of Kikubaaqudgha.
   340 | D        | Found a hazy altar of Hepliaklqana.
   340 | D        | Found a stormy altar of Qazlal.
   340 | D        | Found a hide-covered altar of Uskayaw.
   340 | D        | Found a blossoming altar of Fedhas.
   340 | D        | Found a bloodstained altar of Trog.
   340 | D        | Found an iron altar of Okawaru.
   340 | D        | Found a basalt altar of Yredelemnul.
   340 | D        | Found a glowing golden altar of the Shining One.
   340 | D        | Found a snail-covered altar of Cheibriados.
   340 | D        | Found a sacrificial altar of Ru.
   340 | D        | Found a glowing silver altar of Zin.
   340 | D        | Found a shadowy altar of Dithmenos.
   340 | D        | Found a white marble altar of Elyvilon.
   340 | D        | Noticed a yak
   346 | D        | Killed a yak
   346 | D        | Reached skill level 10 in Armour
   347 | D        | Found an opulent altar of Gozag.
   363 | D        | Found a sparkling altar of Nemelex Xobeh.
   506 | D        | Noticed Sonja
   520 | D        | HP: 3/66 [Sonja/+0 dagger of distortion (24)]
   521 | D        | HP: 1/66 [Sonja/+0 dagger of distortion (1)]
   522 | D        | Quit the game

Levels and vault maps discovered:
D:        dungeon_sprint_1 [red_sonja_temple_1, red_sonja_temple_small_1]

Skill      XL: |  1  2  3  4  5  6 |
---------------+-------------------+-----
Fighting       | 5 6 8 9 |  9.7
Maces & Flails | 3 5 6 7 8 |  8.2
Armour         | 5 7 9 10 | 10.3
Shields        | 4 6 7 8 |  8.7

Action                   |  1- 3 |  4- 6 || total
-------------------------+-------+-------++-------
Melee: Flail             |    15 |    22 ||    37
       Headbutt          |     1 |     5 ||     6
  Use: Potion            |       |     1 ||     1
Armor: Scale mail        |     5 |     7 ||    12
Dodge: Dodged            |     4 |     7 ||    11
Block: Shield            |     4 |    14 ||    18

Table legend:
 A = Non-vault XP
 B = Vault XP
 C = Vault XP percentage of total XP
 D = Non-vault monster count
 E = Vault monster count
 F = Vault count percentage of total count
                 A         B        C        D         E       F
            +---------+---------+-------+---------+---------+-------
      Total |       0 |     621 | 100.0 |       0 |       5 | 100.0
            +---------+---------+-------+---------+---------+-------
          D |       0 |     621 | 100.0 |       0 |       5 | 100.0
            +---------+---------+-------+---------+---------+-------
